 Dungeon Crawl Stone Soup version 0.24-a0-581-gc0fa6600bf (webtiles) character file.

Game seed: 11435325874677701015

237696 MordorOrchid the Dancer (level 19, -4/102 HPs)
             Began as a Gnoll Fire Elementalist on Aug 21, 2019.
             Was a Follower of Uskayaw.
             Killed from afar by a starcursed mass (15 damage)
             ... with an accursed screaming
             ... on level 2 of the Abyss on Aug 24, 2019.
             The game lasted 05:29:59 (29175 turns).

MordorOrchid the Dancer (Gnoll Fire Elementalist)  Turns: 29175, Time: 05:30:00

Health: -4/102     AC: 17    Str:  6 (8)  XL:     19   Next: 24%
Magic:  11/34      EV: 14    Int: 20      God:    Uskayaw [*.....]
Gold:   1459       SH:  4    Dex: 11 (12) Spells: 5/44 levels left

rFire    . . .     SeeInvis +   j - +7 longbow (chaos)
rCold    + . .     Gourm    .   (shield currently unavailable)
rNeg     . . .     Faith    .   U - +2 ring mail {rC+}
rPois    .         Spirit   .   z - +2 hat
rElec    .         Reflect  +   H - +1 cloak {+Inv}
rCorr    .         Harm     .   d - +0 pair of gloves
MR       +....     Rnd*Rage +   t - +2 pair of boots Stlth ++........Rnd*Tele +
                                D - +4 amulet of reflection
HPRegen  0.27/turn              a - ring of see invisible
MPRegen  0.24/turn              q - ring of magical power

@: about to teleport, very slow
A: distributed training, fangs 1, [berserk 3], [blurry vision 3], [clumsy 2],
deformed body, [deterioration 2], [dopey 2], [frail 3], [low mp 3], [screaming
3], [teleportitis 3], [weak 2], [no potion heal 2], [subdued magic 2], strong
nose
}: 2/15 runes: decaying, serpentine
a: Stomp, Renounce Religion, Evoke Invisibility


You were on level 2 of the Abyss.
You worshipped Uskayaw.
Uskayaw was pleased with you.
You were not hungry.

You visited 6 branches of the dungeon, and saw 32 of its levels.
You visited the Abyss 1 time.
You also visited: Ice Cave.

You collected 2885 gold pieces.
You spent 1426 gold pieces at shops.

Inventory:

Hand Weapons
 j - a +7 longbow of chaos (weapon)
 p - the +6 demon trident of the Final Planets {freeze, Int+4}
   (You found it in an ice cave)

   It has been specially enchanted to freeze those struck by it, causing extra
   injury to most foes and up to half again as much damage against particularly
   susceptible opponents.
   It can also slow down cold-blooded creatures.
   It affects your intelligence (+4).
 y - a +2 dagger of venom
 C - the +1 war axe of Fucrie {drain, *Noise +Blink rElec Dex-4}
   (You found it on level 1 of the Lair of Beasts)

   A truly terrible weapon, it drains the life of those it strikes.
   It affects your dexterity (-4).
   It insulates you from electricity.
   It lets you blink.
   It may make noises in combat.
Missiles
 f - 6 throwing nets
 m - 7 atropa-tipped darts
 u - 483 arrows (quivered)
 A - 18 boomerangs
 F - 24 javelins
Armour
 d - a +0 pair of gloves (worn)
 t - a +2 pair of boots (worn)
 z - a +2 hat (worn)
 H - a +1 cloak of invisibility (worn)
 M - the +6 shield of the Lich-sworn {rF+ MR+ Str+4}
   (You bought it in a shop on level 2 of the Orcish Mines)

   It affects your strength (+4).
   It protects you from fire.
   It affects your resistance to hostile enchantments.
 U - a +2 ring mail of cold resistance (worn)
 W - a +4 chain mail of fire resistance
Magical Staves
 R - an uncursed staff of poison
Jewellery
 a - a ring of see invisible (left hand)
 g - an uncursed ring of fire
 q - a ring of magical power (right hand)
 s - an uncursed ring of protection from cold
 D - a +4 amulet of reflection (around neck)
 I - a +3 ring of slaying
 Z - an uncursed ring of wizardry
Wands
 b - a wand of iceblast (10)
 l - a wand of clouds (9)
 v - a wand of polymorph (23)
 L - a wand of disintegration (13)
 O - a wand of enslavement (1)
 T - a wand of digging (5)
 Y - a wand of acid (7)
Scrolls
 h - 4 scrolls of remove curse
 i - 2 scrolls of fear
 k - 17 scrolls of teleportation
 n - 4 scrolls of magic mapping
 o - 6 scrolls of identify
 x - 3 scrolls of fog
 G - 3 scrolls of immolation
 V - a scroll of blinking
Potions
 e - a potion of agility
 r - 6 potions of curing
 w - a potion of berserk rage
 E - 4 potions of might
 J - 4 potions of haste
 N - a potion of invisibility
 P - 2 potions of lignification
 S - a potion of heal wounds
 X - 3 potions of brilliance
Miscellaneous
 B - 2 boxes of beasts
 Q - a phantom mirror
Comestibles
 c - 38 rations


   Skills:
 + Level 12.5 Fighting
 + Level 12.5 Short Blades
 + Level 12.5 Long Blades
 + Level 12.5 Axes
 + Level 12.5 Maces & Flails
 + Level 12.5 Polearms
 + Level 12.5 Staves
 + Level 12.5 Slings
 + Level 12.5 Bows
 + Level 12.5 Crossbows
 + Level 12.5 Throwing
 + Level 12.5 Armour
 + Level 13.2 Dodging
 + Level 13.1 Stealth
 + Level 12.5 Shields
 + Level 12.5 Unarmed Combat
 + Level 13.3 Spellcasting
 + Level 10.9 Conjurations
 + Level 10.7 Hexes
 + Level 10.7 Charms
 + Level 10.7 Summonings
 + Level 10.7 Necromancy
 + Level 10.7 Translocations
 + Level 10.7 Transmutations
 + Level 11.9 Fire Magic
 + Level 10.7 Ice Magic
 + Level 10.7 Air Magic
 + Level 10.7 Earth Magic
 + Level 10.7 Poison Magic
 + Level 13.4 Invocations
 + Level 12.5 Evocations


You had 5 spell levels left.
You knew the following spells:

 Your Spells              Type           Power        Failure   Level  Hunger
a - Flame Tongue          Conj/Fire      #####        1%          1    None
b - Throw Flame           Conj/Fire      #####.       1%          2    None
c - Conjure Flame         Conj/Fire      #####...     1%          3    None
d - Inner Flame           Hex/Fire       #####...     1%          3    None
e - Sticky Flame          Conj/Fire      #####...     1%          4    None
f - Fireball              Conj/Fire      #####.....   1%          5    ####...
g - Tukima's Dance        Hex            #####...     1%          3    None
h - Petrify               Tmut/Erth      #####...     1%          4    None
k - Regeneration          Chrm/Necr      #####.....   1%          3    None
s - Summon Mana Viper     Hex/Summ       #####...     2%          5    ####...
u - Animate Skeleton      Necr           N/A          1%          1    None
w - Passwall              Tmut/Erth      #####...     1%          2    None
x - Blink                 Tloc           N/A          1%          2    None
z - Apportation           Tloc           #####.       1%          1    None

Your spell library contained the following spells:

 Spells                   Type           Power        Failure   Level  Hunger
 Confusing Touch          Hex            #####.       1%          1    None
 Corona                   Hex            #####..      1%          1    None
 Infusion                 Chrm           ####         1%          1    None
 Pain                     Necr           ####         1%          1    None
 Sandblast                Erth           #####.       1%          1    None
 Summon Butterflies       Summ           #####...     1%          1    None
 Corpse Rot               Necr           N/A          1%          2    None
 Ensorcelled Hibernation  Hex/Ice        #####.       1%          2    None
 Shroud of Golubria       Chrm/Tloc      #####.       1%          2    None
 Song of Slaying          Chrm           #####...     1%          2    None
 Sublimation of Blood     Necr           #####.....   1%          2    None
 Call Canine Familiar     Summ           #####...     1%          3    None
 Confuse                  Hex            #####...     1%          3    None
 Dazzling Spray           Conj/Hex       #####.       1%          3    None
 Gell's Gravitas          Tloc           #####.....   1%          3    None
 Lesser Beckoning         Tloc           #####.....   1%          3    None
 Spectral Weapon          Hex/Chrm       #####...     1%          3    None
 Stone Arrow              Conj/Erth      #####.       1%          3    None
 Teleport Other           Tloc           #####...     1%          3    None
 Vampiric Draining        Necr           #####.....   1%          3    None
 Animate Dead             Necr           N/A          1%          4    None
 Passage of Golubria      Tloc           N/A          1%          4    None
 Summon Ice Beast         Ice/Summ       #####...     1%          4    None
 Agony                    Necr           #####...     2%          5    ####...
 Alistair's Intoxication  Tmut/Pois      #####...     2%          5    ####...
 Bolt of Draining         Conj/Necr      #####.....   2%          5    ####...
 Dispel Undead            Necr           #####...     2%          5    ####...
 Excruciating Wounds      Chrm/Necr      #####.....   2%          5    ####...
 Lee's Rapid Deconstruct  Erth           #####.....   2%          5    ####...
 Metabolic Englaciation   Hex/Ice        #####.....   2%          5    ####...
 Yara's Violent Unravell  Hex/Tmut       #####.....   2%          5    ####...
 Invisibility             Hex            #####...     19%         6    #####..
 Summon Hydra             Summ           #####.....   73%         7    #######


Dungeon Overview and Level Annotations

Branches:
Dungeon (15/15)            Temple (0/1) D:5            Lair (6/6) D:10
  Swamp (4/4) Lair:2        Snake (4/4) Lair:2        Slime (0/5) Lair:6
    Orc (2/2) D:9             Elf (0/3) Orc:2        Vaults (1/5) D:14
 Depths (0/5) D:15          IceCv (visited)

Altars:
Ashenzari
Cheibriados
Dithmenos
Elyvilon
Fedhas
Gozag
Hepliaklqana
Qazlal
Sif Muna
Trog
Uskayaw
Vehumet
Xom
Zin
The Shining One
Beogh
Jiyva

Shops:
D:14 }   Orc:2 (![(}   Snake:2 }   Vaults:1 :

Annotations:
D:4 3 runed translucent doors, leszekd25's ghost, amateur FoFi
D:13 fly, flogoulo's ghost, journeyman FoAK
Swamp:2 2 runed translucent doors, SkyBlueFox's ghost, adept GrEE
Swamp:4 Mara


Innate Abilities, Weirdness & Mutations

Your experience applies equally to all skills.
You have very sharp teeth.
Your uncanny sense of smell can sniff out nearby items.
Armour fits poorly on your strangely shaped body.
[You have an uncontrollable temper.]
[Scrolls take you much longer to read.]
[You are very clumsy. (Dex -4)]
[Your body often deteriorates upon taking damage.]
[You are very dopey. (Int -4)]
[You are extremely frail. (-30% HP)]
[Your magical capacity is extremely low. (-30% MP)]
[You frequently scream uncontrollably at your foes.]
[You are often teleported next to monsters.]
[You are very weak. (Str -4)]
[Potions are poor at restoring your health.]
[Your spells are easier to cast, but less powerful.]


Message History

The wretched star pulses with an eldritch light!
You feel frail.
You feel weirdly uncertain.
You feel even more weirdly uncertain.
The starcursed mass engulfs you but does no damage.
A starcursed mass splits.
A cacophony of accursed wailing tears at your sanity!
* * * LOW HITPOINT WARNING * * *
You shrug off the repeated paralysis!
The wretched star pulses with an eldritch light!
You feel even more weirdly uncertain.
The starcursed mass engulfs you but does no damage.
You block the starcursed mass's attack.
A cacophony of accursed wailing tears at your sanity!
* * * LOW HITPOINT WARNING * * *
Your system partially rejects the healing.
You feel much better.
Your skin stops crawling.
You block the starcursed mass's attack.
A cacophony of accursed wailing tears at your sanity!
You die...

.....≈(≈≈≈..# .#.
.....≈X≈≈≈..##..#
. .....≈≈XX......
. . .....#≈≈≈..#
.....
#...#≈≈XX.####..#
....#≈≈X*X#......
.....≈≈*X....####
...§≈♣≈XXX#.#...
..§#≈≈≈@X#### .
#.##≈♣≈≈##
.§#≈≈≈≈.
...§≈≈≈≈..
....≈≈≈≈...
...≈≈≈≈≈....
...≈≈≈≈≈.....
######≈.......


You could see 11 starcursed masses, 2 wretched stars and a large abomination.

Vanquished Creatures
  A bone dragon (Swamp:4)
  2 Ice Fiends (IceCv)
  Jorgrun (Swamp:1)
  A thorn hunter (Swamp:3)
  Kirke (Swamp:2)
  6 nagarajas
  A vault warden (Vaults:1)
  2 ironheart preservers (Vaults:1)
  A deep elf demonologist (Vaults:1)
  An ice dragon (Vaults:1)
  A fire dragon (D:14)
  Josephine (Orc:2)
  An ogre mage (Vaults:1)
  The ghost of MirrMurr the Fighter, a journeyman CeBe of Trog (D:10)
  10 naga warriors
  10 hydras
  Harold (Lair:2)
  7 ghost crabs
  3 shambling mangroves
  3 centaur warriors
  16 anacondas
  A death knight (D:14)
  A merfolk avatar (Lair:6)
  8 two-headed ogres
  23 alligators
  A tengu warrior (D:13)
  4 orc high priests (Orc:2)
  10 shock serpents
  4 naga sharpshooters (Snake:4)
  A deep elf knight (Vaults:1)
  6 skeletal warriors
  4 salamander mystics
  2 spriggan druids (Swamp:4)
  A flayed ghost (D:15)
  3 unseen horrors
  A glowing orange brain (Vaults:1)
  9 naga ritualists
  2 swamp dragons
  A deep troll (Vaults:1)
  A spark wasp zombie (D:15)
  3 sea snakes
  6 orc knights
  2 deep elf archers (Vaults:1)
  A phantasmal warrior (D:14)
  5 ironbrand convokers (Vaults:1)
  2 necromancers
  4 mana vipers (Snake:3)
  A wolf spider zombie (D:15)
  Pikel (D:8)
  2 deep elf magi (Vaults:1)
  An oklob plant (Lair:1)
  18 ugly things
  3 orc sorcerers
  4 wolf spiders (Vaults:1)
  A manticore (D:14)
  A cyclops (D:11)
  An elephant (Lair:6)
  A spectral centaur (D:10)
  A human skeleton (Vaults:1)
  24 black mambas
  8 salamanders
  2 ice statues (IceCv)
  12 naga magi
  A vault sentinel (Vaults:1)
  10 guardian serpents
  4 centaur zombies
  15 spiny frogs
  A gargoyle (D:13)
  A rime drake (shapeshifter) (Vaults:1)
  4 rime drakes
  A yaktaur zombie (D:15)
  A freezing wraith (D:14)
  2 kobold demonologists (D:14)
  5 yaktaurs (Vaults:1)
  An efreet (D:14)
  A guardian mummy (D:15)
  12 komodo dragons
  4 swamp worm zombies (Swamp:4)
  14 ice devils (IceCv)
  2 hydra zombies (Swamp:4)
  3 polar bears (Lair:6)
  3 meliai (D:14)
  5 trolls
  9 tyrant leeches
  A meliai (shapeshifter) (Vaults:1)
  2 blink frogs (shapeshifter) (Vaults:1)
  18 hornets
  10 hippogriffs
  2 alligator zombies (Swamp:4)
  A sphinx simulacrum (Vaults:1)
  A hippogriff (shapeshifter) (D:14)
  8 blink frogs
  6 bog bodies
  An ice dragon zombie (D:15)
  10 slime creatures
  3 spectral swamp dragons (Swamp:4)
  7 spriggans
  3 shadows
  A vampire (D:15)
  6 wraiths
  3 wyverns
  18 yaks
  A water elemental (D:13)
  A human (shapeshifter) (Snake:4)
  Grum (D:8)
  Eustachio (D:6)
  3 basilisks
  3 hogs (Swamp:2)
  A hungry ghost (D:7)
  2 soldier ants
  A steam dragon (Lair:3)
  A human simulacrum (Vaults:1)
  9 swamp worms
  14 vampire mosquitoes
  6 wargs
  6 insubstantial wisps
  36 nagas
  Duvessa (D:6)
  13 water moccasins
  5 swamp dragon zombies (Swamp:4)
  3 porcupines
  8 swamp drakes
  An eye of draining (D:11)
  4 ice beasts
  3 black bears
  A necrophage (D:12)
  33 orc warriors
  10 phantoms
  2 sky beasts
  A slave (D:8)
  15 wolves
  16 centaurs
  11 ogres
  8 crocodiles
  6 big kobolds
  25 bullfrogs
  A deep troll simulacrum (Vaults:1)
  Dowan (D:6)
  3 wyvern skeletons (D:14)
  2 scorpions
  17 killer bees
  A spectral bullfrog (D:10)
  5 electric eels
  A howler monkey (D:9)
  2 crimson imps
  7 hounds
  7 jellies (Lair:1)
  27 orc priests
  2 bullfrog zombies
  5 centaur skeletons
  2 bullfrog skeletons
  2 iguanas
  42 orc wizards
  4 spectral swamp drakes (Swamp:4)
  A hell rat (Lair:5)
  8 worker ants
  A killer bee zombie (D:9)
  A bullfrog simulacrum (D:10)
  3 centaur simulacra (D:10)
  A hound zombie (D:6)
  12 gnolls
  A river rat (Lair:5)
  13 adders
  A howler monkey skeleton (D:9)
  A swamp drake zombie (Swamp:4)
  5 shadow imps
  6 white imps (IceCv)
  6 ufetubi (IceCv)
  13 oozes
  2 adder skeletons
  2 worms (D:2)
  3 dart slugs
  7 leopard geckos
  95 orcs
  4 bats
  4 giant cockroaches
  9 goblins
  10 hobgoblins
  13 jackals
  6 quokkas
  3 ball pythons
  9 frilled lizards
  A jackal skeleton (D:7)
  22 kobolds
  A quokka skeleton (D:7)
  14 rats
  2 fungi
  A lurking horror (Abyss:2)
1122 creatures vanquished.

Vanquished Creatures (collateral kills)
  5 nagarajas (Snake:4)
  A naga warrior (Snake:3)
  2 hydras
  5 anacondas
  A centaur warrior (D:15)
  A tengu warrior (D:13)
  2 naga sharpshooters (Snake:4)
  A shock serpent (Snake:1)
  Nergalle (Lair:4)
  A spark wasp zombie (D:15)
  A swamp dragon (Swamp:1)
  A harpy (Lair:6)
  A sea snake (Lair:6)
  An orc knight (Vaults:1)
  A salamander (Snake:3)
  4 mana vipers (Snake:4)
  An elephant (Lair:6)
  5 guardian serpents (Snake:4)
  4 naga magi
  12 black mambas
  A centaur skeleton (D:15)
  6 spiny frogs
  A rime drake (shapeshifter) (Vaults:1)
  A rime drake (Lair:6)
  5 komodo dragons
  2 tyrant leeches
  A polar bear (Lair:5)
  A wind drake (Lair:6)
  2 blink frogs (Abyss:2)
  A bog body (Swamp:2)
  2 hornets (Swamp:2)
  A wyvern (Lair:6)
  A hog (Swamp:2)
  5 yaks
  A basilisk (Lair:6)
  A neqoxec (Abyss:2)
  A swamp worm (Swamp:1)
  An elf zombie (Vaults:1)
  8 nagas
  An insubstantial wisp (Lair:2)
  7 water moccasins
  A swamp drake (Swamp:4)
  An orc warrior (Vaults:1)
  3 crocodiles
  2 bullfrogs
  A scorpion (D:10)
  A killer bee (D:11)
  A spectral bullfrog (D:10)
  An orc priest (D:14)
  A jelly (Lair:1)
  A hell rat (Lair:5)
  8 river rats (Lair:5)
  An ooze (Lair:1)
  An orc (D:14)
  3 rats (Lair:5)
  3 fungi
130 creatures vanquished.

Vanquished Creatures (others)
  A naga sharpshooter (Snake:3)
  A tyrant leech (Swamp:1)
  A yak (Lair:6)
  2 humans (Swamp:2)
  A dancing weapon (D:10)
  A slave (D:8)
  A wolf (Lair:2)
  A crocodile (Lair:2)
  An orc priest (D:8)
  2 white imps (IceCv)
  3 ufetubi (IceCv)
  3 orcs (D:8)
  12 fungi
  16 plants
  9 toadstools (Swamp:3)
  3 withered plants (D:15)
58 creatures vanquished.

Grand Total: 1310 creatures vanquished

Notes
Turn   | Place    | Note
-------+----------+-------------------------------------------
     0 | D:1      | MordorOrchid the Gnoll Fire Elementalist began the quest
                  | for the Orb.
     0 | D:1      | Reached XP level 1. HP: 13/13 MP: 6/6
   229 | D:1      | Reached XP level 2. HP: 19/19 MP: 5/7
   233 | D:1      | Learned a level 2 spell: Throw Flame
   383 | D:2      | Found an opulent altar of Gozag.
   512 | D:1      | Reached XP level 3. HP: 16/25 MP: 3/9
   517 | D:1      | Learned a level 3 spell: Conjure Flame
   667 | D:2      | Reached skill level 5 in Spellcasting
   819 | D:2      | Reached skill level 1 in Invocations
   837 | D:2      | Learned a level 3 spell: Inner Flame
   924 | D:2      | Found a hazy altar of Hepliaklqana.
   944 | D:2      | Reached skill level 1 in Fighting
   944 | D:2      | Reached skill level 1 in Short Blades
   944 | D:2      | Reached skill level 1 in Long Blades
   944 | D:2      | Reached skill level 1 in Axes
   944 | D:2      | Reached skill level 1 in Maces & Flails
   944 | D:2      | Reached skill level 1 in Polearms
   944 | D:2      | Reached skill level 1 in Staves
   944 | D:2      | Reached skill level 1 in Slings
   944 | D:2      | Reached skill level 1 in Bows
   944 | D:2      | Reached skill level 1 in Crossbows
   944 | D:2      | Reached skill level 1 in Throwing
   944 | D:2      | Reached skill level 1 in Armour
   944 | D:2      | Reached skill level 1 in Shields
   944 | D:2      | Reached skill level 1 in Unarmed Combat
   944 | D:2      | Reached skill level 1 in Evocations
   946 | D:2      | Reached XP level 4. HP: 28/32 MP: 3/11
  1067 | D:1      | Learned a level 4 spell: Sticky Flame
  1104 | D:2      | Reached skill level 1 in Hexes
  1104 | D:2      | Reached skill level 1 in Charms
  1104 | D:2      | Reached skill level 1 in Summonings
  1104 | D:2      | Reached skill level 1 in Necromancy
  1104 | D:2      | Reached skill level 1 in Translocations
  1104 | D:2      | Reached skill level 1 in Transmutations
  1104 | D:2      | Reached skill level 1 in Ice Magic
  1104 | D:2      | Reached skill level 1 in Air Magic
  1104 | D:2      | Reached skill level 1 in Earth Magic
  1104 | D:2      | Reached skill level 1 in Poison Magic
  1384 | D:3      | Reached XP level 5. HP: 37/37 MP: 8/12
  1546 | D:3      | Found a radiant altar of Vehumet.
  1569 | D:3      | Found a snail-covered altar of Cheibriados.
  1605 | D:3      | Found a bloodstained altar of Trog.
  1901 | D:4      | Found a runed translucent gate.
  1902 | D:4      | Found a runed translucent gate.
  1902 | D:4      | Noticed an orc warrior
  1903 | D:4      | Found a runed translucent gate.
  1903 | D:4      | Found a roughly hewn altar of Beogh.
  1904 | D:4      | Noticed leszekd25's ghost (amateur FoFi)
  1948 | D:4      | Reached XP level 6. HP: 44/44 MP: 3/13
  2021 | D:4      | Found a shimmering altar of Xom.
  2021 | D:4      | Found a shadowy altar of Dithmenos.
  2044 | D:4      | Reached skill level 5 in Dodging
  2264 | D:4      | Reached XP level 7. HP: 49/50 MP: 10/15
  2439 | D:4      | Found a blossoming altar of Fedhas.
  2521 | D:4      | Found a hide-covered altar of Uskayaw.
  2528 | D:4      | Became a worshipper of Uskayaw the Reveler
  2558 | D:5      | Entered Level 5 of the Dungeon
  2580 | D:5      | Reached * piety under Uskayaw
  2582 | D:5      | Reached ** piety under Uskayaw
  2622 | D:5      | Reached skill level 5 in Stealth
  2694 | D:5      | Reached XP level 8. HP: 24/57 MP: 9/16
  2783 | D:5      | Found a staircase to the Ecumenical Temple.
  2799 | D:5      | Learned a level 5 spell: Fireball
  2955 | D:6      | Reached *** piety under Uskayaw
  3129 | D:6      | Noticed Duvessa
  3150 | D:6      | Killed Duvessa
  3166 | D:6      | Noticed Dowan
  3288 | D:6      | Killed Dowan
  3387 | D:6      | Reached XP level 9. HP: 64/65 MP: 18/18
  3446 | D:6      | Noticed Eustachio
  3467 | D:6      | Killed Eustachio
  3708 | D:7      | Found a glowing golden altar of the Shining One.
  3739 | D:7      | Found a glowing silver altar of Zin.
  4317 | D:7      | Found a stormy altar of Qazlal.
  4515 | D:8      | Found a white marble altar of Elyvilon.
  4578 | D:8      | Reached skill level 5 in Invocations
  4620 | D:8      | Noticed Grum
  4633 | D:8      | Killed Grum
  4633 | D:8      | Reached XP level 10. HP: 65/73 MP: 0/20
  4633 | D:8      | Reached **** piety under Uskayaw
  4645 | D:8      | Reached ***** piety under Uskayaw
  4726 | D:8      | Noticed Pikel
  4765 | D:8      | Killed Pikel
  4765 | D:8      | Reached skill level 5 in Fighting
  4765 | D:8      | Reached skill level 5 in Short Blades
  4765 | D:8      | Reached skill level 5 in Long Blades
  4765 | D:8      | Reached skill level 5 in Axes
  4765 | D:8      | Reached skill level 5 in Maces & Flails
  4765 | D:8      | Reached skill level 5 in Polearms
  4765 | D:8      | Reached skill level 5 in Staves
  4765 | D:8      | Reached skill level 5 in Slings
  4765 | D:8      | Reached skill level 5 in Bows
  4765 | D:8      | Reached skill level 5 in Crossbows
  4765 | D:8      | Reached skill level 5 in Throwing
  4765 | D:8      | Reached skill level 5 in Armour
  4765 | D:8      | Reached skill level 5 in Shields
  4765 | D:8      | Reached skill level 5 in Unarmed Combat
  4765 | D:8      | Reached skill level 5 in Evocations
  4811 | D:8      | Found a roughly hewn altar of Beogh.
  5274 | D:9      | Noticed a two-headed ogre
  5294 | D:9      | Killed a two-headed ogre
  5294 | D:9      | Reached skill level 5 in Conjurations
  5342 | D:9      | Noticed a two-headed ogre
  5352 | D:9      | Learned a level 3 spell: Tukima's Dance
  5384 | D:9      | Killed a two-headed ogre
  5440 | D:9      | Found a staircase to the Orcish Mines.
  5537 | D:9      | Reached XP level 11. HP: 81/81 MP: 15/22
  5744 | D:9      | Found a shimmering blue altar of Sif Muna.
  5982 | D:10     | Entered Level 10 of the Dungeon
  6002 | D:10     | Found a roughly hewn altar of Beogh.
  6207 | D:10     | Learned a level 3 spell: Regeneration
  6209 | D:10     | Learned a level 1 spell: Animate Skeleton
  6249 | D:10     | Reached skill level 5 in Hexes
  6249 | D:10     | Reached skill level 5 in Charms
  6249 | D:10     | Reached skill level 5 in Summonings
  6249 | D:10     | Reached skill level 5 in Necromancy
  6249 | D:10     | Reached skill level 5 in Translocations
  6249 | D:10     | Reached skill level 5 in Transmutations
  6249 | D:10     | Reached skill level 5 in Ice Magic
  6249 | D:10     | Reached skill level 5 in Air Magic
  6249 | D:10     | Reached skill level 5 in Earth Magic
  6249 | D:10     | Reached skill level 5 in Poison Magic
  6532 | D:10     | Found a runed translucent gate.
  6532 | D:10     | Found a runed translucent gate.
  6532 | D:10     | Found a runed translucent gate.
  6532 | D:10     | Noticed MirrMurr's ghost (journeyman CeBe)
  6537 | D:10     | Found a staircase to the Lair.
  6661 | Lair:1   | Entered Level 1 of the Lair of Beasts
  7098 | D:11     | Noticed a cyclops
  7117 | D:11     | Killed a cyclops
  7158 | D:11     | Noticed a skeletal warrior
  7158 | D:11     | Noticed a skeletal warrior
  7331 | D:11     | Noticed a skeletal warrior
  7646 | Lair:1   | Noticed an oklob plant
  7930 | Lair:1   | Killed an oklob plant
  7946 | Lair:1   | You fall into a shaft and drop 1 floor!
  8196 | Lair:1   | Reached XP level 12. HP: 16/89 MP: 0/24
  8283 | Lair:1   | You fall into a shaft and drop 1 floor!
  8285 | Lair:2   | Found a staircase to the Swamp.
  8525 | Lair:1   | Got a smoking war axe
  8534 | Lair:1   | Identified the cursed +1 war axe of Fucrie {drain, *Noise
                  | +Blink rElec Dex-4} (You found it on level 1 of the Lair of
                  | Beasts)
  8547 | Lair:1   | Learned a level 1 spell: Apportation
  8698 | Lair:2   | Noticed Harold
  8699 | Lair:2   | Noticed a five-headed hydra
  8721 | Lair:2   | Killed a five-headed hydra
  8781 | Lair:2   | Killed Harold
  8860 | Lair:2   | Found a staircase to the Snake Pit.
  9921 | Lair:4   | Noticed Nergalle
 10133 | Lair:4   | Reached XP level 13. HP: 94/98 MP: 15/26
 10605 | Lair:4   | Killed Nergalle
 11134 | Lair:6   | Entered Level 6 of the Lair of Beasts
 12048 | Lair:6   | Found a viscous altar of Jiyva.
 12048 | Lair:6   | Found a staircase to the Slime Pits.
 12108 | Lair:6   | Reached skill level 10 in Spellcasting
 12183 | Lair:6   | Reached XP level 14. HP: 80/106 MP: 12/28
 12247 | Lair:6   | Got an ominously black robe
 12408 | Swamp:1  | Entered Level 1 of the Swamp
 12667 | Swamp:1  | Reached skill level 10 in Dodging
 12777 | Swamp:1  | Noticed Jorgrun
 12896 | Swamp:1  | Killed Jorgrun
 13193 | Swamp:1  | Reached skill level 10 in Stealth
 13435 | Swamp:1  | Found a shattered altar of Ashenzari.
 13579 | Swamp:1  | Learned a level 4 spell: Petrify
 13585 | Swamp:2  | Found a frozen archway.
 13599 | IceCv    | Entered an ice cave
 13756 | IceCv    | Reached skill level 10 in Invocations
 14199 | IceCv    | Noticed an Ice Fiend
 14225 | IceCv    | Noticed an Ice Fiend
 14376 | IceCv    | Killed an Ice Fiend
 14507 | IceCv    | Killed an Ice Fiend
 14576 | IceCv    | Got a bloodstained demon trident
 14577 | IceCv    | Identified the +6 demon trident of the Final Planets
                  | {freeze, Int+4} (You found it in an ice cave)
 14792 | Swamp:2  | Reached XP level 15. HP: 111/114 MP: 16/29
 14873 | Swamp:1  | Upgraded the game from 0.24-a0-580-g6a6c3f83c1 to
                  | 0.24-a0-581-gc0fa6600bf
 14997 | Swamp:2  | Found a large runed translucent door.
 14998 | Swamp:2  | Found a large runed translucent door.
 14998 | Swamp:2  | Noticed SkyBlueFox's ghost (adept GrEE)
 15098 | Swamp:2  | Noticed Kirke
 15107 | Swamp:2  | Killed Kirke
 15692 | Swamp:3  | Noticed a thorn hunter
 15705 | Swamp:3  | a thorn hunter changed into a shambling mangrove
 15864 | Swamp:3  | Reached skill level 10 in Fire Magic
 16027 | Swamp:3  | Noticed a thorn hunter
 16027 | Swamp:3  | a shambling mangrove changed into a thorn hunter
 16049 | Swamp:3  | Killed a thorn hunter
 16091 | Swamp:3  | Reached skill level 10 in Fighting
 16091 | Swamp:3  | Reached skill level 10 in Short Blades
 16091 | Swamp:3  | Reached skill level 10 in Long Blades
 16091 | Swamp:3  | Reached skill level 10 in Axes
 16091 | Swamp:3  | Reached skill level 10 in Maces & Flails
 16091 | Swamp:3  | Reached skill level 10 in Polearms
 16091 | Swamp:3  | Reached skill level 10 in Staves
 16091 | Swamp:3  | Reached skill level 10 in Slings
 16091 | Swamp:3  | Reached skill level 10 in Bows
 16091 | Swamp:3  | Reached skill level 10 in Crossbows
 16091 | Swamp:3  | Reached skill level 10 in Throwing
 16091 | Swamp:3  | Reached skill level 10 in Armour
 16091 | Swamp:3  | Reached skill level 10 in Shields
 16091 | Swamp:3  | Reached skill level 10 in Unarmed Combat
 16091 | Swamp:3  | Reached skill level 10 in Evocations
 16311 | Swamp:4  | Entered Level 4 of the Swamp
 17091 | Swamp:4  | Reached XP level 16. HP: 82/123 MP: 21/31
 17460 | Swamp:3  | Noticed Mara
 17463 | Swamp:3  | Noticed MordorOrchid's illusion
 17573 | Swamp:3  | Learned a level 5 spell: Summon Mana Viper
 17615 | Swamp:3  | Noticed MordorOrchid's illusion
 18072 | Swamp:4  | Noticed a bone dragon
 18106 | Swamp:4  | Killed a bone dragon
 18165 | Swamp:4  | Got a decaying rune of Zot
 18194 | Swamp:4  | Identified a scroll of acquirement
 18381 | Lair:2   | Identified the +1 robe "Vuedeegh" {Str+3} (You found it on
                  | level 6 of the Lair of Beasts)
 18429 | Lair:2   | Learned a level 2 spell: Passwall
 18430 | Snake:1  | Entered Level 1 of the Snake Pit
 19273 | Snake:2  | Found Zooxeps's Gadget Emporium.
 19320 | Snake:2  | Bought a wand of clouds (4) for 432 gold pieces
 19360 | Snake:2  | Noticed a nagaraja
 19379 | Snake:2  | Killed a nagaraja
 19993 | Snake:3  | Noticed a nagaraja
 20062 | Snake:3  | Killed a nagaraja
 20305 | Snake:3  | Reached XP level 17. HP: 101/131 MP: 4/33
 20319 | Snake:3  | Reached ****** piety under Uskayaw
 20971 | Snake:4  | Entered Level 4 of the Snake Pit
 21869 | Snake:4  | Reached skill level 10 in Conjurations
 21912 | Snake:4  | HP: 5/131 [naga sharpshooter/bolt (9)]
 22834 | Snake:4  | Reached skill level 10 in Hexes
 22834 | Snake:4  | Reached skill level 10 in Charms
 22834 | Snake:4  | Reached skill level 10 in Summonings
 22834 | Snake:4  | Reached skill level 10 in Necromancy
 22834 | Snake:4  | Reached skill level 10 in Translocations
 22834 | Snake:4  | Reached skill level 10 in Transmutations
 22834 | Snake:4  | Reached skill level 10 in Ice Magic
 22834 | Snake:4  | Reached skill level 10 in Air Magic
 22834 | Snake:4  | Reached skill level 10 in Earth Magic
 22834 | Snake:4  | Reached skill level 10 in Poison Magic
 23101 | Snake:4  | Reached XP level 18. HP: 127/139 MP: 2/34
 23338 | Snake:4  | Got a serpentine rune of Zot
 23720 | D:10     | Killed MirrMurr's ghost
 24888 | D:13     | Identified the cursed +0 spear "Waediv" {antimagic, +Inv
                  | MR+ Str+3 Int+4}
 24889 | D:13     | Found a runed translucent door.
 24891 | D:13     | Noticed flogoulo's ghost (journeyman FoAK)
 24893 | D:13     | Identified the ring of Mysticism {*Corrode rElec rN+ MR+
                  | Str+2}
 25274 | D:14     | Found Vuidyebb's Gadget Shop.
 25359 | D:14     | Learned a level 2 spell: Blink
 25381 | D:14     | Found a gate to the Vaults.
 25495 | D:14     | Found a shimmering blue altar of Sif Muna.
 25634 | D:14     | Found a shattered altar of Ashenzari.
 26049 | D:15     | Entered Level 15 of the Dungeon
 26438 | D:15     | Found a staircase to the Depths.
 26968 | Orc:1    | Entered Level 1 of the Orcish Mines
 27275 | Orc:2    | Entered Level 2 of the Orcish Mines
 27299 | Orc:2    | Noticed Josephine
 27304 | Orc:2    | Killed Josephine
 27497 | Orc:2    | Found Tevodoy's Gadget Shoppe.
 27497 | Orc:2    | Found Didwom's Antique Armour Emporium.
 27500 | Orc:2    | Found Gurchilou's Weapon Shoppe.
 27500 | Orc:2    | Found Meczefubb's Distillery.
 27522 | Orc:2    | Bought a potion of heal wounds for 75 gold pieces
 27522 | Orc:2    | Bought 3 potions of heal wounds for 225 gold pieces
 27619 | Orc:2    | Found a staircase to the Elven Halls.
 27651 | Orc:2    | Found Ybooting's Weapon Boutique.
 27883 | Orc:2    | Bought a crude shield for 209 gold pieces
 27883 | Orc:2    | Identified the +6 shield of the Lich-sworn {rF+ MR+ Str+4}
                  | (You bought it in a shop on level 2 of the Orcish Mines)
 27888 | Orc:2    | Bought a wand of digging (6) for 320 gold pieces
 27890 | Orc:2    | Bought a potion of brilliance for 60 gold pieces
 27890 | Orc:2    | Bought a potion of might for 60 gold pieces
 27890 | Orc:2    | Bought a potion of curing for 45 gold pieces
 28108 | Vaults:1 | Entered Level 1 of the Vaults
 28238 | Vaults:1 | Found Lamadd's Book Shop.
 28724 | Vaults:1 | Reached XP level 19. HP: 129/147 MP: 30/36
 29099 | Vaults:1 | Cast into level 2 of the Abyss (a wizard)
 29114 | Abyss:2  | Gained mutation: Armour fits poorly on your strangely
                  | shaped body. [a neqoxec]
 29161 | Abyss:2  | Paralysed by accursed screaming for 1 turns
 29169 | Abyss:2  | Paralysed by accursed screaming for 2 turns
 29174 | Abyss:2  | HP: 1/102 [starcursed mass/accursed screaming (10)]
 29175 | Abyss:2  | Killed from afar by a starcursed mass

Levels and vault maps discovered:
D:1:      eino_arrival_water_star, layout_loops_corners
D:2:      layout_basic, nicolae_gozag_cash_rules_everything_around_me,
          nicolae_overflow_crystal_walls, first_ration, item_on_display_a
D:3:      layout_loops_ring, bloody_trog, marbit_many_paths, serial_glass,
          glass_columns_b, glass_columns_b, kennysheep_slug_shrine
D:4:      minmay_general_purpose_star, layout_basic, old_standard_altar,
          lemuel_round_altar, chequers_temple_overflow_statue_of_worship,
          biasface_ghost_orc_armoury, st_stairs_3
D:5:      layout_basic, minmay_temple_entry_hall
D:6:      layout_cave_pools, grunt_decor_clamped, roderic_roman_lattice,
          kennysheep_nub, uniq_duvessa, uniq_eustachio
D:7:      layout_gridville, tso_altar, overflow_temple_1_default,
          lemuel_crystal_altar
D:8:      layout_loops_ring, kennysheep_little_box, special_room
          [special_room_orc], uniq_pikel, uniq_grum
D:9:      layout_roguey, led_sif_pool, orc_0_dummy
D:10:     layout_roguey [special_room_orc], lair_entry_dummy,
          gammafunk_ghost_necromancy, grunt_ogre_cave
D:11:     layout_roguey
D:12:     layout_cave_pools, kennysheep_generic_room_10
D:13:     layout_loops_cross, ebering_ghost_funeral_grove, water_maze_lemuel
D:14:     layout_loops_ring, hangedman_vaults_entry_quadrant_bands, basic_altar,
          ashenzari_altar_1, serial_shops, shop
D:15:     gammafunk_depths_entry_grave, layout_rooms, serial_corexii_hall,
          corexii_hall_statues_t, corexii_hall_statues_u,
          corexii_hall_statues_l, corexii_hall_statues_l,
          corexii_hall_statues_deadend, chequers_hall_statues_wall_a
Lair:1:   lemuel_slime, layout_long_grid
Lair:2:   layout_regular_city, minmay_swamp_entry_wisps,
          guppyfry_snake_entry_garden, cheibrodos_lair_reptile_den,
          grunt_megastairs_1, uniq_harold
Lair:3:   layout_misc_corridors, grunt_megastairs_5, infiniplex_staircase_pool
Lair:4:   layout_cave_pods, uniq_nergalle
Lair:5:   layout_misc_corridors, kennysheep_abandoned_house
Lair:6:   gammafunk_lair_ancient_temple, layout_hall_layers, slime_altar_1
Swamp:1:  layout_falls_marsh, nicolae_swamp_godswood, uniq_jorgrun
Swamp:2:  layout_falls_marsh, portal_ice_cave_entry_pillars_2,
          ebering_ghost_disaster_area, evilmike_swamp_ruin_house_6, uniq_kirke
Swamp:3:  cheibrodos_swamp_tower_of_moss, layout_falls_marsh,
          evilmike_swamp_ruin_house_1, swamp_pool1, uniq_mara
Swamp:4:  swamp_pestilence, layout_basic_swamp
Snake:1:  layout_gridlike, guppyfry_snake_island
Snake:2:  layout_rooms, minmay_shop_star
Snake:3:  layout_chambers, nrook_loot_triangle
Snake:4:  grunt_snake_rune_serpentine_throne, layout_gridlike,
          grunt_megastairs_3
Orc:1:    layout_caves
Orc:2:    st_orc_mages, layout_caves, serial_shops, shop, uniq_josephine
Vaults:1: v_misc_8, ontoclasm_vaults_ligature, ontoclasm_vaults_gallery,
          vaults_standard_mumra_x, hangedman_vaults_capsules,
          hangedman_vaults_locks, vaults_mumra_hex, v_misc_17, v_alt_pattern_1,
          ontoclasm_vaults_idyll, nicolae_vaults_windows_and_doors_thing,
          layout_vaults_omnigrid, serial_shops, nicolae_shop_crystal
Abyss:2:  hangedman_steaming_rock

Skill      XL: |  1  2  3  4  5  6  7  8  9 10 11 12 13 14 15 16 17 18 19 |
---------------+----------------------------------------------------------+-----
Conjurations   | 2 3 4 5 6 7 8 9 10 | 10.9
Spellcasting   | 5 6 7 8 9 10 11 12 13 | 13.3
Invocations    | 1 2 3 4 5 6 7 8 9 10 11 12 13 | 13.4
Fighting       | 1 2 3 4 5 6 7 8 9 10 11 12 | 12.5
Short Blades   | 1 2 3 4 5 6 7 8 9 10 11 12 | 12.5
Long Blades    | 1 2 3 4 5 6 7 8 9 10 11 12 | 12.5
Axes           | 1 2 3 4 5 6 7 8 9 10 11 12 | 12.5
Maces & Flails | 1 2 3 4 5 6 7 8 9 10 11 12 | 12.5
Polearms       | 1 2 3 4 5 6 7 8 9 10 11 12 | 12.5
Staves         | 1 2 3 4 5 6 7 8 9 10 11 12 | 12.5
Slings         | 1 2 3 4 5 6 7 8 9 10 11 12 | 12.5
Bows           | 1 2 3 4 5 6 7 8 9 10 11 12 | 12.5
Crossbows      | 1 2 3 4 5 6 7 8 9 10 11 12 | 12.5
Throwing       | 1 2 3 4 5 6 7 8 9 10 11 12 | 12.5
Armour         | 1 2 3 4 5 6 7 8 9 10 11 12 | 12.5
Shields        | 1 2 3 4 5 6 7 8 9 10 11 12 | 12.5
Unarmed Combat | 1 2 3 4 5 6 7 8 9 10 11 12 | 12.5
Evocations     | 1 2 3 4 5 6 7 8 9 10 11 12 | 12.5
Hexes          | 1 2 3 4 5 6 7 8 9 10 | 10.7
Charms         | 1 2 3 4 5 6 7 8 9 10 | 10.7
Summonings     | 1 2 3 4 5 6 7 8 9 10 | 10.7
Necromancy     | 1 2 3 4 5 6 7 8 9 10 | 10.7
Translocations | 1 2 3 4 5 6 7 8 9 10 | 10.7
Transmutations | 1 2 3 4 5 6 7 8 9 10 | 10.7
Ice Magic      | 1 2 3 4 5 6 7 8 9 10 | 10.7
Air Magic      | 1 2 3 4 5 6 7 8 9 10 | 10.7
Earth Magic    | 1 2 3 4 5 6 7 8 9 10 | 10.7
Poison Magic   | 1 2 3 4 5 6 7 8 9 10 | 10.7
Dodging        | 5 6 7 8 9 10 11 12 13 | 13.2
Stealth        | 5 6 7 8 9 10 11 12 13 | 13.1
Fire Magic     | 6 7 8 9 10 11 | 11.9

Action                   |  1- 3 |  4- 6 |  7- 9 | 10-12 | 13-15 | 16-18 | 19-21 || total
-------------------------+-------+-------+-------+-------+-------+-------+-------++-------
Melee: Dagger            |    13 |    13 |    61 |   311 |   221 |   103 |     5 ||   727
       Bite              |     1 |     5 |     2 |    45 |    21 |    17 |       ||    91
       Mace              |       |    22 |     2 |    17 |       |       |       ||    41
       Trident           |       |       |       |    38 |       |       |       ||    38
       Punch             |       |       |       |     7 |     9 |     7 |       ||    23
       Unarmed           |       |       |       |     6 |       |       |       ||     6
       Whip              |       |       |       |     3 |    18 |     9 |       ||    30
       Demon trident     |       |       |       |       |     1 |    36 |       ||    37
       War axe           |       |       |       |       |       |     6 |       ||     6
 Fire: Hunting sling     |       |       |       |    28 |       |       |       ||    28
       Longbow           |       |       |       |       |   204 |   926 |   114 ||  1244
Throw: Javelin           |       |       |     2 |       |       |     2 |       ||     4
 Cast: Flame Tongue      |    39 |    99 |   138 |   291 |   295 |    63 |     1 ||   926
       Throw Flame       |       |     7 |    16 |    50 |    48 |     5 |       ||   126
       Inner Flame       |       |     2 |     2 |    12 |     6 |    35 |     3 ||    60
       Conjure Flame     |       |       |     9 |    34 |     4 |    16 |     1 ||    64
       Sticky Flame      |       |       |    14 |    65 |    64 |    59 |    11 ||   213
       Tukima's Dance    |       |       |       |    14 |       |       |       ||    14
       Regeneration      |       |       |       |    28 |    41 |    73 |     1 ||   143
       Animate Skeleton  |       |       |       |    31 |    81 |   188 |     9 ||   309
       Fireball          |       |       |       |     1 |   100 |   152 |    12 ||   265
       Apportation       |       |       |       |       |   155 |   365 |     6 ||   526
       Petrify           |       |       |       |       |    22 |    52 |       ||    74
       Summon Mana Viper |       |       |       |       |       |    37 |     1 ||    38
       Passwall          |       |       |       |       |       |    58 |       ||    58
       Blink             |       |       |       |       |       |     6 |     1 ||     7
Evoke: Wand              |       |       |       |    19 |     4 |    26 |       ||    49
  Use: Scroll            |       |     7 |     6 |    14 |    12 |    16 |     1 ||    56
       Potion            |       |       |       |     2 |     5 |     9 |     3 ||    19
 Stab: Sleeping          |     9 |     3 |    13 |     9 |     7 |     9 |       ||    50
       Paralysed         |       |       |     2 |     6 |    13 |    25 |     3 ||    49
       Distracted        |       |       |       |     4 |     2 |       |       ||     6
       Confused          |       |       |       |     1 |       |     1 |       ||     2
       Invisible         |       |       |       |       |     3 |       |       ||     3
       Petrified         |       |       |       |       |    22 |    34 |     1 ||    57
       Petrifying        |       |       |       |       |     2 |     7 |       ||     9
  Eat: Chunk             |       |     4 |    10 |    19 |    31 |    37 |     3 ||   104
       Ration            |       |       |       |     2 |     6 |     8 |       ||    16
Armor: Robe              |     2 |       |       |       |       |       |       ||     2
       Ring mail         |       |    14 |     2 |   123 |   136 |   205 |    23 ||   503
       Leather armour    |       |       |    26 |     6 |       |       |       ||    32
Dodge: Dodged            |    17 |    40 |    69 |   352 |   343 |   484 |    29 ||  1334
Block: Other             |       |       |       |       |    15 |   109 |     8 ||   132
       Reflection        |       |       |       |       |       |    12 |       ||    12

Table legend:
 A = Non-vault XP
 B = Vault XP
 C = Vault XP percentage of total XP
 D = Non-vault monster count
 E = Vault monster count
 F = Vault count percentage of total count
                 A         B        C        D         E       F
            +---------+---------+-------+---------+---------+-------
      Total |  216757 |  119983 |  35.6 |     844 |     402 |  32.3
            +---------+---------+-------+---------+---------+-------
        D:1 |      33 |       0 |   0.0 |      19 |       0 |   0.0
        D:2 |     116 |       0 |   0.0 |      26 |       0 |   0.0
        D:3 |     158 |       7 |   4.2 |      32 |       2 |   5.9
        D:4 |     416 |      85 |  17.0 |      21 |       4 |  16.0
        D:5 |     457 |       0 |   0.0 |       7 |       0 |   0.0
        D:6 |    1012 |     419 |  29.3 |      17 |       3 |  15.0
        D:7 |    1148 |       0 |   0.0 |      36 |       0 |   0.0
        D:8 |    1736 |    1232 |  41.5 |      20 |      13 |  39.4
        D:9 |    3487 |       0 |   0.0 |      32 |       0 |   0.0
       D:10 |    1244 |    2801 |  69.2 |      22 |      35 |  61.4
       D:11 |    5509 |       0 |   0.0 |      46 |       0 |   0.0
       D:12 |    2109 |       3 |   0.1 |      15 |       1 |   6.2
       D:13 |    3933 |       0 |   0.0 |       9 |       0 |   0.0
       D:14 |   10898 |    4576 |  29.6 |      34 |      20 |  37.0
       D:15 |    8258 |    4100 |  33.2 |      26 |       8 |  23.5
     Lair:1 |    3111 |    1341 |  30.1 |      12 |      23 |  65.7
     Lair:2 |    3784 |    3035 |  44.5 |      14 |      13 |  48.1
     Lair:3 |    4123 |     111 |   2.6 |      21 |       1 |   4.5
     Lair:4 |    3769 |     398 |   9.6 |      22 |       1 |   4.3
     Lair:5 |    4220 |     679 |  13.9 |      16 |      21 |  56.8
     Lair:6 |    7803 |    7432 |  48.8 |      29 |      27 |  48.2
    Swamp:1 |   12483 |    2895 |  18.8 |      37 |       1 |   2.6
    Swamp:2 |   14185 |    2260 |  13.7 |      27 |       5 |  15.6
    Swamp:3 |   12986 |    2088 |  13.9 |      31 |       1 |   3.1
    Swamp:4 |   18656 |   13279 |  41.6 |      38 |      43 |  53.1
    Snake:1 |   11677 |    1206 |   9.4 |      26 |       3 |  10.3
    Snake:2 |   12449 |       0 |   0.0 |      20 |       0 |   0.0
    Snake:3 |   24844 |       0 |   0.0 |      45 |       0 |   0.0
    Snake:4 |   15889 |   35629 |  69.2 |      39 |      67 |  63.2
      Orc:1 |    3127 |       0 |   0.0 |      34 |       0 |   0.0
      Orc:2 |    2583 |    8062 |  75.7 |      15 |      50 |  76.9
   Vaults:1 |   19765 |   16559 |  45.6 |      51 |      29 |  36.2
    Abyss:2 |     789 |       0 |   0.0 |       5 |       0 |   0.0
      IceCv |       0 |   11786 | 100.0 |       0 |      31 | 100.0
            +---------+---------+-------+---------+---------+-------
